[Event "ICC tourney 2562 (45 10)"]
[Site "Internet Chess Club"]
[Date "2021.05.15"]
[Round "1"]
[White "CHATTERJEE, SIDDHARTHA:greenlime2007"]
[Black "HONG, JONATHAN Y:jhong3"]
[Result "1-0"]
[ICCResult "Black resigns"]
[WhiteElo "1288"]
[BlackElo "935"]
[Opening "Pirc defense"]
[ECO "B07"]
[NIC "PU.07"]
[Time "11:01:32"]
[PlyCount "61"]
[TimeControl "2700+10"]

1. e4 d6 2. d4 Nf6 3. Nc3 g6 4. Be3 Bg7 5. Nf3 O-O 6. h3 Nc6 7. d5 Ne5 8.
Nxe5 dxe5 9. Bc4 a6 10. a4 Bd7 11. O-O Rb8 12. f3 b5 13. axb5 axb5 14. Bb3
b4 15. Na2 e6 16. dxe6 Bxe6 17. Bxe6 fxe6 18. Qe2 Qd6 19. Qc4 Nd7 20. Rfd1
Qe7 21. Qxc7 Rfd8 22. Nc1 Rbc8 23. Qb7 Rxc2 24. Ra8 Rxa8 25. Rxd7 Qf8 26.
Rxg7+ Qxg7 27. Qxa8+ Qf8 28. Qa5 Rxb2 29. Qxe5 Qg7 30. Qxg7+ Kxg7 31. Bd4+
{ Black resigns } 1-0

[Event "ICC tourney 2562 (45 10)"]
[Site "Internet Chess Club"]
[Date "2021.05.15"]
[Round "1"]
[White "Zhang, Charlie Charlie:CharlieZ"]
[Black "HOT, VELID:Vh1025"]
[Result "1-0"]
[ICCResult "Black checkmated"]
[WhiteElo "343"]
[BlackElo "1174"]
[Opening "King's pawn opening"]
[ECO "B07"]
[NIC "VO.17"]
[Time "11:01:43"]
[PlyCount "173"]
[TimeControl "2700+10"]

1. e4 d6 2. Nc3 Nf6 3. d3 g6 4. Nf3 Bg7 5. g3 O-O 6. Bg2 c5 7. d4 cxd4 8.
Nxd4 Nc6 9. Nf3 Bg4 10. O-O Re8 11. Bg5 h6 12. Bxf6 Bxf6 13. h3 Bd7 14. g4
Bg7 15. Qd5 Qc7 16. g5 h5 17. Nb5 Qb6 18. c4 Qc5 19. Nc7 Qxd5 20. cxd5 Bxb2
21. Rab1 Rec8 22. Nxa8 Rxa8 23. dxc6 Bxc6 24. Rxb2 Bxe4 25. Nd2 Bxg2 26.
Kxg2 b6 27. Re1 e6 28. Nc4 d5 29. Nd6 Rd8 30. Nb7 Rd7 31. Rc1 Rxb7 32. Rc8+
Kg7 33. f4 Rd7 34. h4 d4 35. Rd2 a6 36. Rb8 Rd6 37. Ra8 a5 38. a3 Rd5 39.
Rb8 b5 40. Rd1 d3 41. Ra8 b4 42. axb4 axb4 43. Rb8 Rd4 44. Rd2 Rxf4 45. Kh3
Rd4 46. Rb7 Kf8 47. Rb8+ Ke7 48. Rb7+ Kf8 49. Rb6 e5 50. Rb8+ Kg7 51. Rb7
e4 52. Rf2 d2 53. Rfxf7+ Kg8 54. Rfc7 Rd3+ 55. Kg2 Rd8 56. Rd7 Rxd7 57.
Rxd7 e3 58. Kf1 b3 59. Rd8+ Kf7 60. Rd7+ Kf8 61. Ke2 b2 62. Rb7 b1=Q 63.
Rxb1 Ke7 64. Kxe3 Ke6 65. Kxd2 Kf5 66. Rg1 Kf4 67. Ke2 Kf5 68. Rg3 Kf4 69.
Kf2 Kf5 70. Rf3+ Ke6 71. Ke3 Ke5 72. Rf4 Ke6 73. Ke4 Ke7 74. Kd5 Ke8 75.
Rf6 Ke7 76. Ke5 Ke8 77. Ke6 Kd8 78. Rf7 Ke8 79. Kf6 Kd8 80. Ke6 Kc8 81. Rd7
Kb8 82. Kd6 Kc8 83. Kc6 Kb8 84. Rc7 Ka8 85. Kb6 Kb8 86. Rc6 Ka8 87. Rc8# {
Black checkmated } 1-0

[Event "ICC tourney 2562 (45 10)"]
[Site "Internet Chess Club"]
[Date "2021.05.15"]
[Round "1"]
[White "MADSEN, STUART:gmstuartscott"]
[Black "WIDJAJA, IAN:mewto12345"]
[Result "0-1"]
[ICCResult "White resigns"]
[WhiteElo "895"]
[BlackElo "1280"]
[Opening "QGD Slav: 4.Nc3"]
[ECO "D15"]
[NIC "SL.03"]
[Time "11:01:38"]
[PlyCount "66"]
[TimeControl "2700+10"]

1. d4 d5 2. c4 c6 3. Nf3 Nf6 4. Nc3 Bf5 5. e3 e6 6. Bd2 Bb4 7. a3 Ba5 8. b4
Bc7 9. Be2 h6 10. O-O O-O 11. Ne5 Ne4 12. Nxe4 Bxe4 13. f3 Bf5 14. Bc3 Nd7
15. Nd3 dxc4 16. Nf4 b5 17. Qe1 Nf6 18. Bd1 Qd6 19. d5 Nxd5 20. Bd2 Nxf4
21. exf4 Rfd8 22. Ra2 Bd3 23. Be2 Bxe2 24. Qxe2 Qd3 25. Qd1 Bxf4 26. g3
Bxd2 27. Rxd2 Qxd2 28. Qxd2 Rxd2 29. Rc1 Rad8 30. Rc3 R8d3 31. Rc1 Rd1+ 32.
Rxd1 Rxd1+ 33. Kf2 c3 { White resigns } 0-1

[Event "ICC tourney 2562 (45 10)"]
[Site "Internet Chess Club"]
[Date "2021.05.15"]
[Round "1"]
[White "wang, William Kaiyuan:williamw601"]
[Black "CHATTERJEE, SIDDHAM:siddham"]
[Result "0-1"]
[ICCResult "White checkmated"]
[WhiteElo "1224"]
[BlackElo "805"]
[Opening "French: exchange variation"]
[ECO "C01"]
[NIC "FR.01"]
[Time "11:02:23"]
[PlyCount "86"]
[TimeControl "2700+10"]

1. e4 e6 2. d4 d5 3. exd5 exd5 4. Nf3 Nf6 5. h3 Be7 6. Bd3 h6 7. Nc3 Nc6 8.
Be3 a6 9. a4 a5 10. Qd2 Be6 11. Bb5 Bf5 12. Ne5 Bd7 13. Nf3 O-O 14. O-O Bf5
15. Rfe1 Nb4 16. Bd3 Nxd3 17. cxd3 c6 18. Bf4 Bb4 19. Ne5 Nd7 20. Rac1 f6
21. Nxd7 Qxd7 22. Qc2 Rac8 23. Na2 Bxe1 24. Rxe1 Rfe8 25. Rd1 b6 26. Be3 b5
27. Nc3 b4 28. Ne2 Bg6 29. Nf4 Bh7 30. Qc5 Ra8 31. Rc1 g5 32. Nh5 Qf7 33.
Qd6 Qxh5 34. Qxf6 Qg6 35. Qf3 Qxd3 36. Rxc6 Rxe3 37. Qxd5+ Kh8 38. fxe3
Qxe3+ 39. Kh2 Qe4 40. Qc4 g4 41. h4 g3+ 42. Kh1 Qe1+ 43. Qf1 Qxf1# { White
checkmated } 0-1

[Event "ICC tourney 2562 (45 10)"]
[Site "Internet Chess Club"]
[Date "2021.05.15"]
[Round "1"]
[White "WEI, ROBERT FANJUN:CaptureFunny"]
[Black "FOLTIN, ADAM B.:TheEqualCarry"]
[Result "1-0"]
[ICCResult "Black resigns"]
[WhiteElo "731"]
[BlackElo "1216"]
[Opening "Sicilian: dragon, classical attack"]
[ECO "B72"]
[NIC "SI.15"]
[Time "11:01:41"]
[PlyCount "73"]
[TimeControl "2700+10"]

1. e4 c5 2. Nf3 d6 3. Nc3 Nf6 4. d4 cxd4 5. Nxd4 g6 6. Be2 Bg7 7. Be3 O-O
8. O-O a6 9. a4 Nbd7 10. b3 Qa5 11. Qd3 Ne5 12. Qd2 Bd7 13. f4 Nc6 14. Rab1
Qc7 15. f5 Ne5 16. fxg6 fxg6 17. Nd5 Nxd5 18. exd5 Ng4 19. Bf4 Qc5 20. c3
Rfc8 21. Rbc1 Rab8 22. h3 Nf6 23. Bf3 Nxd5 24. Bxd5+ Qxd5 25. Rfe1 e5 26.
Nf3 Qxb3 27. Qxd6 Rd8 28. Bxe5 Bxh3 29. Qe7 Rd7 30. Qg5 Qb2 31. Bxb8 h6 32.
Qg3 Bf5 33. Re8+ Kh7 34. Rce1 Bxc3 35. R1e7+ Rxe7 36. Rxe7+ Bg7 37. Be5 {
Black resigns } 1-0

[Event "ICC tourney 2562 (45 10)"]
[Site "Internet Chess Club"]
[Date "2021.05.15"]
[Round "1"]
[White "SU, THEODORE:Theodorees"]
[Black "Zong, Ivan:ivanzong"]
[Result "0-1"]
[ICCResult "White resigns"]
[WhiteElo "1372"]
[BlackElo "1081"]
[Opening "French: Burn variation"]
[ECO "C11"]
[NIC "FR.05"]
[Time "11:01:32"]
[PlyCount "68"]
[TimeControl "2700+10"]

1. e4 e6 2. d4 d5 3. Nc3 Nf6 4. Bg5 dxe4 5. Nxe4 Be7 6. Bxf6 gxf6 7. Nf3 f5
8. Nc3 Nc6 9. g3 Bf6 10. Ne2 O-O 11. Bg2 Ne7 12. O-O Ng6 13. Qd2 Bg7 14. c3
Bd7 15. h4 Bc6 16. h5 Bxf3 17. Bxf3 Ne7 18. Bxb7 Rb8 19. Bf3 e5 20. Rad1 e4
21. Bg2 Rb6 22. Bh3 Qd6 23. b4 Bh6 24. Nf4 Nd5 25. Bxf5 Nxf4 26. gxf4 Qd5
27. Bg4 Kh8 28. Kh2 Rf6 29. Qe2 Bxf4+ 30. Kh3 Rc6 31. Qc2 Rh6 32. Qe2 f5
33. Rg1 fxg4+ 34. Qxg4 Rxh5+ { White resigns } 0-1

[Event "ICC tourney 2562 (45 10)"]
[Site "Internet Chess Club"]
[Date "2021.05.15"]
[Round "1"]
[White "SHARMA, ISHAAN:ishaansharma12"]
[Black "Kirumaki, Shreya A:Chesspenguin123"]
[Result "0-1"]
[ICCResult "White checkmated"]
[WhiteElo "472"]
[BlackElo "1198"]
[Opening "Giuoco Piano: four knights variation"]
[ECO "C46"]
[NIC "KP.06"]
[Time "11:01:42"]
[PlyCount "60"]
[TimeControl "2700+10"]

1. e4 e5 2. Nf3 Nc6 3. Nc3 Bc5 4. Bc4 Nf6 5. O-O O-O 6. d3 d6 7. Bg5 Be6 8.
Nd5 Bxd5 9. Bxd5 h6 10. Bxf6 Qxf6 11. a3 Rab8 12. c3 Ne7 13. c4 c6 14. b4
Bd4 15. Rb1 cxd5 16. cxd5 Rbc8 17. Qa4 Ng6 18. Nxd4 exd4 19. Qxa7 Rc7 20.
Qb6 Rfc8 21. g3 Ne5 22. Qb5 Nf3+ 23. Kg2 Nd2 24. Rbc1 Rxc1 25. Rxc1 Rxc1
26. f4 Qg6 27. Qd7 Rc2 28. f5 Qg4 29. Qxd6 Nxe4+ 30. Kg1 Qd1# { White
checkmated } 0-1

[Event "ICC tourney 2562 (45 10)"]
[Site "Internet Chess Club"]
[Date "2021.05.15"]
[Round "1"]
[White "WU, WINSTON:qjet"]
[Black "Liu, Lawrence:liulawr1"]
[Result "1-0"]
[ICCResult "Black checkmated"]
[WhiteElo "1200"]
[BlackElo "503"]
[Opening "Giuoco Piano"]
[ECO "C53"]
[NIC "IG.02"]
[Time "11:02:23"]
[PlyCount "133"]
[TimeControl "2700+10"]

1. e4 e5 2. Nf3 Nc6 3. Bc4 Bc5 4. c3 d6 5. d3 Bg4 6. O-O Nf6 7. Nbd2 O-O 8.
Re1 d5 9. exd5 Nxd5 10. Nf1 Re8 11. h3 Bh5 12. Ng3 Bg6 13. Bg5 f6 14. Bd2
Bf7 15. a4 a5 16. Qb3 Qd7 17. Ne4 Bb6 18. Bxd5 Qxd5 19. Qxd5 Bxd5 20. Ng3
Bxf3 21. gxf3 Rad8 22. Be3 Bxe3 23. Rxe3 g6 24. Ne4 Kf7 25. Rd1 f5 26. Nc5
b6 27. Na6 Rd7 28. b4 Nb8 29. Nxb8 Rxb8 30. bxa5 bxa5 31. Rxe5 Rb3 32. Rxa5
Rxc3 33. Ra7 Ke6 34. a5 Ra3 35. a6 Rd6 36. Rxc7 Rdxa6 37. Rxh7 Rd6 38. Kg2
Raxd3 39. Rxd3 Rxd3 40. Ra7 Kf6 41. Ra6+ Kg5 42. h4+ Kxh4 43. Rxg6 f4 44.
Rg4+ Kh5 45. Rxf4 Kg5 46. Kg3 Rd2 47. Re4 Kf5 48. Ra4 Kg5 49. Ra5+ Kf6 50.
f4 Ke6 51. f3 Rd5 52. Rxd5 Kxd5 53. Kg4 Ke6 54. Kg5 Kf7 55. Kf5 Kf8 56. Kf6
Ke8 57. f5 Kf8 58. Ke6 Kg7 59. f6+ Kf8 60. f7 Kg7 61. Ke7 Kg6 62. f8=Q Kg5
63. Qf6+ Kh5 64. Qf5+ Kh6 65. Qg4 Kh7 66. Kf7 Kh6 67. Qh4# { Black
checkmated } 1-0

[Event "ICC tourney 2562 (45 10)"]
[Site "Internet Chess Club"]
[Date "2021.05.15"]
[Round "1"]
[White "DSOUZA, AIDEN:aiden004"]
[Black "Jain, Anuj:AnujJ"]
[Result "1-0"]
[ICCResult "Black checkmated"]
[WhiteElo "1188"]
[BlackElo "447"]
[Opening "Sicilian"]
[ECO "B54"]
[NIC "SI.01"]
[Time "11:02:23"]
[PlyCount "59"]
[TimeControl "2700+10"]

1. e4 c5 2. Nf3 d6 3. d4 cxd4 4. Nxd4 e5 5. Nb3 Nc6 6. c4 b6 7. Nc3 Be6 8.
Nd5 Bxd5 9. exd5 Nce7 10. c5 Nf6 11. Bb5+ Nd7 12. c6 Nf5 13. cxd7+ Ke7 14.
O-O a6 15. Bc6 Ra7 16. Re1 Kf6 17. Qg4 h6 18. f4 exf4 19. Re8 Qc7 20. Rc8
Qxd7 21. Bxd7 Rxd7 22. Bxf4 g5 23. Bd2 Re7 24. Rf1 Re5 25. Bc3 Kg6 26. Bxe5
Rg8 27. Qxf5+ Kh5 28. g4+ Kh4 29. Qxf7 Rg7 30. Qh5# { Black checkmated }
1-0

[Event "ICC tourney 2562 (45 10)"]
[Site "Internet Chess Club"]
[Date "2021.05.15"]
[Round "1"]
[White "Singh, Saharsh:saharshsingh02"]
[Black "FILOSOFOV, VASILII:Filosofov"]
[Result "1-0"]
[ICCResult "Black resigns"]
[WhiteElo "957"]
[BlackElo "1339"]
[Opening "King's Indian defense, 3.Nc3"]
[ECO "E61"]
[NIC "KI.80"]
[Time "11:01:40"]
[PlyCount "57"]
[TimeControl "2700+10"]

1. d4 Nf6 2. c4 g6 3. Nc3 Bg7 4. Bf4 d6 5. e4 O-O 6. Nf3 c5 7. d5 Bd7 8.
Bd3 Qb6 9. Qd2 e6 10. O-O Na6 11. a3 Nc7 12. Rfb1 Qb3 13. Bxd6 Rfc8 14.
Bxc5 exd5 15. cxd5 Ncxd5 16. Nxd5 Nxd5 17. Bc2 Qc4 18. Qxd5 Qxc2 19. Qxd7
Bxb2 20. Ng5 Qc4 21. Rxb2 Rxc5 22. Qd2 Rac8 23. h4 h6 24. Rb4 Qa6 25. Nf3
Ra5 26. Qxh6 Rxa3 27. Rxa3 Qxa3 28. Rxb7 a5 29. Ng5 { Black resigns } 1-0

[Event "ICC tourney 2562 (45 10)"]
[Site "Internet Chess Club"]
[Date "2021.05.15"]
[Round "2"]
[White "Zhang, Charlie Charlie:CharlieZ"]
[Black "SHAMALOV, NATHAN:Nathan-Shamalov"]
[Result "0-1"]
[ICCResult "White checkmated"]
[WhiteElo "343"]
[BlackElo "1105"]
[Opening "French: Winawer (Nimzovich) variation"]
[ECO "C15"]
[NIC "FR.08"]
[Time "13:31:16"]
[PlyCount "70"]
[TimeControl "2700+10"]

1. e4 e6 2. d4 d5 3. Nc3 Bb4 4. Bf4 Nc6 5. exd5 exd5 6. a3 Ba5 7. b4 Bb6 8.
Bb5 Qf6 9. Bxc6+ Qxc6 10. Qd2 Be6 11. b5 Qc4 12. Nf3 O-O-O 13. Ne5 Qxd4 14.
Nd3 Ba5 15. Be3 Qxc3 16. Qxc3 Bxc3+ 17. Bd2 Bxa1 18. Bc3 Bxc3+ 19. Kd1 Bf5
20. Ne5 Bxe5 21. Re1 Re8 22. f4 Bg4+ 23. Kc1 Bxf4+ 24. Kb2 Rxe1 25. g3 Bxg3
26. hxg3 Kd7 27. a4 Re3 28. c3 Kd6 29. Kb3 Kc5 30. Kb2 Kc4 31. Kc2 Re2+ 32.
Kd1 Rh2+ 33. Kc1 Kxc3 34. Kb1 Rg2 35. Kc1 Rg1# { White checkmated } 0-1

[Event "ICC tourney 2562 (45 10)"]
[Site "Internet Chess Club"]
[Date "2021.05.15"]
[Round "2"]
[White "LUO, OLIVER:BadChessNotGood"]
[Black "SU, THEODORE:Theodorees"]
[Result "1-0"]
[ICCResult "Black checkmated"]
[WhiteElo "596"]
[BlackElo "1372"]
[Opening "Sicilian: Najdorf, Byrne (English) attack"]
[ECO "B90"]
[NIC "SI.14"]
[Time "13:31:14"]
[PlyCount "47"]
[TimeControl "2700+10"]

1. Nf3 Nf6 2. Nc3 c5 3. e4 d6 4. d4 cxd4 5. Nxd4 a6 6. Be3 e6 7. g3 Be7 8.
Bg2 Qc7 9. g4 Nc6 10. g5 Nd7 11. f4 Nxd4 12. Qxd4 e5 13. Qb4 d5 14. Qxe7+
Kxe7 15. Nxd5+ Kd6 16. Nxc7 Kxc7 17. O-O-O Re8 18. Rd5 b6 19. fxe5 Bb7 20.
Bf4 Kc8 21. Rd6 Nxe5 22. Rhd1 Ng6 23. Bh3+ Re6 24. Rd8# { Black checkmated
} 1-0

[Event "ICC tourney 2562 (45 10)"]
[Site "Internet Chess Club"]
[Date "2021.05.15"]
[Round "2"]
[White "Liu, Lawrence:liulawr1"]
[Black "wang, William Kaiyuan:williamw601"]
[Result "0-1"]
[ICCResult "White checkmated"]
[WhiteElo "503"]
[BlackElo "1224"]
[Opening "two knights defense: Ulvestad variation"]
[ECO "C57"]
[NIC "KP.01"]
[Time "13:31:56"]
[PlyCount "76"]
[TimeControl "2700+10"]

1. e4 e5 2. Nf3 Nc6 3. Bc4 Nf6 4. Ng5 d5 5. exd5 b5 6. Bb3 Nd4 7. c3 Nxb3
8. Qxb3 Bd7 9. d6 Qb8 10. Qxf7+ Kd8 11. dxc7+ Qxc7 12. O-O h6 13. Ne6+ Bxe6
14. Qxe6 e4 15. h3 Bd6 16. g3 Re8 17. Qf5 Bc5 18. Kg2 Bd6 19. f4 Qb7 20.
Kh2 Rb8 21. Re1 Qb6 22. Re2 Nd7 23. Rxe4 Qf2+ 24. Kh1 Qf3+ 25. Kh2 Qxe4 26.
Qxe4 Rxe4 27. d3 Re2+ 28. Kg1 Re1+ 29. Kg2 Rxc1 30. d4 Rc2+ 31. Kf3 Rxb2
32. h4 Nf6 33. f5 Nd5 34. g4 Rc8 35. g5 hxg5 36. h5 Nxc3 37. Nxc3 Rxc3+ 38.
Kg4 Rg2# { White checkmated } 0-1

[Event "ICC tourney 2562 (45 10)"]
[Site "Internet Chess Club"]
[Date "2021.05.15"]
[Round "2"]
[White "procopio, Patti:prostripe"]
[Black "CHATTERJEE, SIDDHARTHA:greenlime2007"]
[Result "0-1"]
[ICCResult "White resigns"]
[WhiteElo "1103"]
[BlackElo "1288"]
[Opening "Queen's pawn: London system"]
[ECO "A45"]
[NIC "QP.05"]
[Time "13:31:52"]
[PlyCount "58"]
[TimeControl "2700+10"]

1. d4 Nf6 2. Bf4 e6 3. Nf3 d5 4. c4 Bb4+ 5. Nbd2 dxc4 6. e3 b5 7. a3 Ba5 8.
Be2 O-O 9. O-O Bb7 10. a4 a6 11. axb5 axb5 12. Ne5 Nbd7 13. Nxd7 Qxd7 14.
Nf3 Nd5 15. Ne5 Qe7 16. Bg3 f6 17. Nf3 c5 18. Qc2 Nb4 19. Qc1 Bb6 20. dxc5
Bxc5 21. Rd1 Be4 22. Nd2 Bc2 23. Rxa8 Rxa8 24. Bf3 Rd8 25. Re1 Nd3 26. Qxc2
Nxe1 27. Qe4 Rxd2 28. Qa8+ Qf8 29. Qc6 Nxf3+ { White resigns } 0-1

[Event "ICC tourney 2562 (45 10)"]
[Site "Internet Chess Club"]
[Date "2021.05.15"]
[Round "2"]
[White "Brown, Rodney:bonaparte1984"]
[Black "WEI, ROBERT FANJUN:CaptureFunny"]
[Result "1-0"]
[ICCResult "Black checkmated"]
[WhiteElo "1133"]
[BlackElo "731"]
[Opening "Sicilian: Prins (Moscow) variation"]
[ECO "B55"]
[NIC "SI.01"]
[Time "13:31:16"]
[PlyCount "69"]
[TimeControl "2700+10"]

1. e4 c5 2. Nf3 d6 3. d4 cxd4 4. Nxd4 Nf6 5. f3 e6 6. Be2 Be7 7. Be3 O-O 8.
O-O a6 9. c4 Nc6 10. Nc3 Qb6 11. Na4 Qa7 12. Bf2 b6 13. Nxc6 Qb7 14. Nxe7+
Qxe7 15. Nxb6 Rb8 16. Nxc8 Rfxc8 17. b3 a5 18. Rb1 Re8 19. Qd2 d5 20. cxd5
exd5 21. e5 Qxe5 22. Rfe1 Qh5 23. Bd4 Qg6 24. Bd3 Rxe1+ 25. Rxe1 Qh5 26.
Bxf6 gxf6 27. Qxa5 Qh4 28. Qc3 d4 29. Qd2 Ra8 30. Re4 Qh5 31. a4 Rc8 32.
Bc4 Qc5 33. Qxd4 Qa5 34. Qxf6 Rc7 35. Re8# { Black checkmated } 1-0

[Event "ICC tourney 2562 (45 10)"]
[Site "Internet Chess Club"]
[Date "2021.05.15"]
[Round "2"]
[White "HONG, JONATHAN Y:jhong3"]
[Black "Jain, Anuj:AnujJ"]
[Result "1-0"]
[ICCResult "Black checkmated"]
[WhiteElo "935"]
[BlackElo "447"]
[Opening "Sicilian"]
[ECO "B50"]
[NIC "SI.01"]
[Time "13:31:26"]
[PlyCount "57"]
[TimeControl "2700+10"]

1. e4 c5 2. Nf3 d6 3. Bc4 h6 4. O-O Nf6 5. Nc3 Nc6 6. d4 cxd4 7. Nxd4 Nxd4
8. Qxd4 e5 9. Qd3 b6 10. Nd5 Nxd5 11. Qxd5 Be6 12. Bb5+ Ke7 13. Qb7+ Kf6
14. f4 Kg6 15. f5+ Kh7 16. fxe6 fxe6 17. Qf7 Rc8 18. Qxe6 g6 19. Bc4 Bg7
20. Rf7 Re8 21. Rxg7+ Kxg7 22. Qf7+ Kh8 23. Bxh6 Rg8 24. Qxa7 Rxc4 25. Rf1
Rc7 26. Qa3 g5 27. Qh3 Kh7 28. Bxg5+ Kg7 29. Qh6# { Black checkmated } 1-0

[Event "ICC tourney 2562 (45 10)"]
[Site "Internet Chess Club"]
[Date "2021.05.15"]
[Round "2"]
[White "CHATTERJEE, SIDDHAM:siddham"]
[Black "DSOUZA, AIDEN:aiden004"]
[Result "1-0"]
[ICCResult "Black checkmated"]
[WhiteElo "805"]
[BlackElo "1188"]
[Opening "French: exchange variation"]
[ECO "C01"]
[NIC "FR.01"]
[Time "13:31:12"]
[PlyCount "79"]
[TimeControl "2700+10"]

1. e4 e6 2. d4 d5 3. exd5 exd5 4. Nf3 Nf6 5. Be2 Nc6 6. O-O Be7 7. Nc3 O-O
8. h3 Be6 9. Bf4 Bd6 10. Ne5 Bxe5 11. dxe5 Ne8 12. Bf3 f6 13. exf6 Nxf6 14.
Bg5 Ne7 15. Re1 Qd7 16. Qe2 Kf7 17. Bxf6 Kxf6 18. Qe5+ Kf7 19. Rad1 c6 20.
Bh5+ g6 21. Ne4 gxh5 22. Ng5+ Ke8 23. Nxe6 Ng6 24. Nxf8+ Nxe5 25. Nxd7 Kxd7
26. Rxe5 Re8 27. Rxe8 Kxe8 28. Re1+ Kd7 29. Re5 Kd6 30. Rxh5 Kc5 31. Rxh7
Kc4 32. g4 d4 33. g5 d3 34. cxd3+ Kxd3 35. g6 c5 36. g7 c4 37. g8=Q Kc2 38.
Qxc4+ Kxb2 39. Rxb7+ Ka3 40. Qa6# { Black checkmated } 1-0

[Event "ICC tourney 2562 (45 10)"]
[Site "Internet Chess Club"]
[Date "2021.05.15"]
[Round "2"]
[White "WIDJAJA, IAN:mewto12345"]
[Black "PAREKH, VANSH:Popularmmose"]
[Result "0-1"]
[ICCResult "White resigns"]
[WhiteElo "1280"]
[BlackElo "1086"]
[Opening "Queen's pawn game, Chigorin variation"]
[ECO "D02"]
[NIC "QP.08"]
[Time "13:31:10"]
[PlyCount "45"]
[TimeControl "2700+10"]

1. d4 d5 2. Nf3 Nc6 3. Bf4 Bg4 4. Nbd2 Nf6 5. e3 e6 6. Bb5 Be7 7. h3 Bxf3
8. Nxf3 O-O 9. O-O Bd6 10. Ne5 Ne7 11. Re1 c6 12. Bd3 Nf5 13. Qf3 Ne7 14.
Bg5 Ng6 15. Nxg6 fxg6 16. Qd1 b6 17. c4 Qc7 18. Bxf6 Rxf6 19. b3 Bh2+ 20.
Kf1 Rxf2+ 21. Kxf2 Qg3+ 22. Kf1 Rf8+ 23. Ke2 { White resigns } 0-1

[Event "ICC tourney 2562 (45 10)"]
[Site "Internet Chess Club"]
[Date "2021.05.15"]
[Round "2"]
[White "Neti, Adarsh:PearPower"]
[Black "Ehrenberg, Joshua:joshebow"]
[Result "1-0"]
[ICCResult "Black checkmated"]
[WhiteElo "1270"]
[BlackElo "673"]
[Opening "Sicilian: Alapin's variation (2.c3)"]
[ECO "B22"]
[NIC "SI.46"]
[Time "13:31:16"]
[PlyCount "51"]
[TimeControl "2700+10"]

1. e4 c5 2. c3 e5 3. Bc4 Nc6 4. Nf3 d6 5. h3 g6 6. d4 exd4 7. cxd4 Bg7 8.
dxc5 Qa5+ 9. Bd2 Qxc5 10. Qb3 Na5 11. Bxa5 Qxa5+ 12. Nc3 Qc7 13. O-O Nf6
14. Nb5 Qe7 15. Nxd6+ Qxd6 16. e5 Qe7 17. exf6 Bxf6 18. Rfe1 O-O 19. Rxe7
Bxe7 20. Ne5 Rd8 21. Nxf7 Rd2 22. Nd6+ Kf8 23. Bg8 Kg7 24. Qf7+ Kh6 25. Ne4
Kh5 26. Qxh7# { Black checkmated } 1-0

[Event "ICC tourney 2562 (45 10)"]
[Site "Internet Chess Club"]
[Date "2021.05.15"]
[Round "2"]
[White "FILOSOFOV, VASILII:Filosofov"]
[Black "SHARMA, ISHAAN:ishaansharma12"]
[Result "1-0"]
[ICCResult "Black checkmated"]
[WhiteElo "1339"]
[BlackElo "472"]
[Opening "two knights defense: Fegatello attack"]
[ECO "C57"]
[NIC "KP.01"]
[Time "13:31:13"]
[PlyCount "99"]
[TimeControl "2700+10"]

1. e4 e5 2. Nf3 Nc6 3. Bc4 Nf6 4. Ng5 d5 5. exd5 Nxd5 6. Nxf7 Kxf7 7. Qf3+
Qf6 8. Bxd5+ Ke7 9. Bxc6 Qxc6 10. Qxc6 bxc6 11. Nc3 Ba6 12. d3 Kd7 13. O-O
Bc5 14. Re1 Rhe8 15. Be3 Bb4 16. Bd2 Rab8 17. a3 Bc5 18. Na4 Bd6 19. Be3
Rb7 20. Bc5 Reb8 21. Re3 Bb5 22. Bxd6 cxd6 23. Nc3 Ba6 24. b3 Ke6 25. Rae1
Rb6 26. d4 R8b7 27. dxe5 d5 28. Na4 Rb5 29. Rc3 Rc7 30. Nc5+ Rxc5 31. Rxc5
Bc8 32. b4 Ba6 33. a4 Bc4 34. b5 Rb7 35. Rxc6+ Kd7 36. e6+ Ke7 37. Re3 d4
38. Rf3 Ke8 39. Rc8+ Ke7 40. Rf7+ Kxe6 41. Rxb7 Bd5 42. Rxa7 Kf5 43. Rc5
Ke4 44. Rxd5 Kxd5 45. b6 Kc4 46. b7 Kc3 47. b8=Q Kxc2 48. Rc7+ Kd2 49. Qb2+
Kd3 50. Qc2# { Black checkmated } 1-0

[Event "ICC tourney 2562 (45 10)"]
[Site "Internet Chess Club"]
[Date "2021.05.15"]
[Round "2"]
[White "Zong, Ivan:ivanzong"]
[Black "WU, WINSTON:qjet"]
[Result "1-0"]
[ICCResult "Black checkmated"]
[WhiteElo "1081"]
[BlackElo "1200"]
[Opening "Queen's pawn game, Krause variation"]
[ECO "D02"]
[NIC "QP.08"]
[Time "13:31:57"]
[PlyCount "85"]
[TimeControl "2700+10"]

1. d4 d5 2. Nf3 c5 3. e3 e6 4. b3 Nc6 5. Bd3 Nf6 6. Bb2 cxd4 7. exd4 Bd6 8.
O-O O-O 9. Nbd2 h6 10. Ne5 Bxe5 11. dxe5 Nd7 12. f4 Nc5 13. Be2 Qb6 14. Kh1
Ne7 15. c4 Nf5 16. Qe1 Ne3 17. Bd4 Nxf1 18. Nxf1 Qc7 19. cxd5 Nd7 20. Ng3
Re8 21. d6 Qd8 22. Qc3 Nb6 23. Qe3 Nd5 24. Qf3 Qh4 25. Bb5 Rd8 26. Nh5 Bd7
27. Bf2 Qxf2 28. Qxf2 Bxb5 29. f5 exf5 30. Qc5 Bc6 31. Rf1 Rdc8 32. Qf2 Be8
33. Qd4 Nb6 34. h3 Bd7 35. Nxg7 Bb5 36. Rxf5 Rc1+ 37. Kh2 Bc6 38. Nh5 Rc2
39. Qg4+ Kf8 40. Qg7+ Ke8 41. Qxf7+ Kd8 42. Qe7+ Kc8 43. Qc7# { Black
checkmated } 1-0

[Event "ICC tourney 2562 (45 10)"]
[Site "Internet Chess Club"]
[Date "2021.05.15"]
[Round "2"]
[White "Kirumaki, Shreya A:Chesspenguin123"]
[Black "Singh, Saharsh:saharshsingh02"]
[Result "1-0"]
[ICCResult "Black resigns"]
[WhiteElo "1198"]
[BlackElo "957"]
[Opening "Giuoco Piano"]
[ECO "C53"]
[NIC "IG.02"]
[Time "13:31:13"]
[PlyCount "119"]
[TimeControl "2700+10"]

1. e4 e5 2. Nf3 Nc6 3. Bc4 Bc5 4. c3 Bb6 5. d4 exd4 6. cxd4 Nf6 7. Nc3 h6
8. O-O d6 9. e5 Nh7 10. Re1 O-O 11. d5 Ne7 12. Qe2 dxe5 13. Qxe5 Ng6 14.
Qg3 Ba5 15. Ne5 Bf5 16. h4 Qxh4 17. Nxg6 Qxg3 18. fxg3 Bb6+ 19. Be3 Bxg6
20. Bxb6 axb6 21. Rad1 Rae8 22. Rxe8 Rxe8 23. Bb5 Re3 24. Kf2 Re5 25. Ba4
Rf5+ 26. Kg1 Ng5 27. Re1 f6 28. Re7 Bf7 29. Bb3 c6 30. d6 Bxb3 31. d7 Ne6
32. Rxe6 Bxe6 33. d8=Q+ Kh7 34. Qxb6 h5 35. Qe3 Re5 36. Qd3+ Bf5 37. Qd6
Re1+ 38. Kf2 Rc1 39. Ne2 Rc2 40. Qf4 Bg4 41. Qe4+ f5 42. Qxc2 g5 43. Nd4 h4
44. Nxf5 hxg3+ 45. Kxg3 Bh5 46. Ne7+ Kg7 47. Qb3 Bf7 48. Qxb7 Bxa2 49. Qxc6
Kf7 50. Nd5 Bb1 51. b4 Be4 52. Qc5 Ke6 53. Nc3 Bc2 54. b5 Kd7 55. b6 Kd8
56. b7 Kd7 57. b8=Q Bf5 58. Qbb6 g4 59. Qcc7+ Ke8 60. Qbb8+ { Black resigns
} 1-0

[Event "ICC tourney 2562 (45 10)"]
[Site "Internet Chess Club"]
[Date "2021.05.15"]
[Round "3"]
[White "Singh, Saharsh:saharshsingh02"]
[Black "WIDJAJA, IAN:mewto12345"]
[Result "0-1"]
[ICCResult "White checkmated"]
[WhiteElo "957"]
[BlackElo "1280"]
[Opening "QGD Slav defense"]
[ECO "D10"]
[NIC "SL.01"]
[Time "16:01:15"]
[PlyCount "74"]
[TimeControl "2700+10"]

1. d4 d5 2. c4 c6 3. Nc3 Nf6 4. Bf4 Bf5 5. e3 e6 6. cxd5 exd5 7. Bd3 Bxd3
8. Qxd3 Bd6 9. Bg3 Bxg3 10. hxg3 Kd7 11. Nf3 Na6 12. Ne5+ Ke7 13. g4 Nb4
14. Qd2 Nd7 15. a3 Nxe5 16. dxe5 Na6 17. b4 Qd7 18. O-O Qxg4 19. b5 Nc7 20.
bxc6 bxc6 21. e4 Rhd8 22. exd5 Nxd5 23. Nxd5+ Rxd5 24. Qb4+ Qxb4 25. axb4
Rxe5 26. Rfc1 Re6 27. f4 Rd6 28. f5 Kf6 29. g4 Kg5 30. Rc4 g6 31. Re1 gxf5
32. gxf5 Kxf5 33. Re7 Kf6 34. Rb7 a5 35. bxa5 Rxa5 36. Rh4 Ra2 37. Rxh7
Rd1# { White checkmated } 0-1